 Dungeon Crawl Stone Soup version 0.21-a0-529-g8c7b3f5 (webtiles) character file.

417 kiturien the Digger (level 6, -2/36 HPs)
             Began as an Octopode Earth Elementalist on Dec 10, 2017.
             Slain by an orc priest (5 damage)
             ... on level 4 of the Dungeon.
             The game lasted 00:14:06 (3706 turns).

kiturien the Digger (Octopode Earth Elementalist)   Turns: 3706, Time: 00:14:07

Health: -2/36      AC:  1    Str:  8    XL:     6   Next: 93%
Magic:  8/9        EV: 10    Int: 19    God:
Gold:   227        SH:  6    Dex: 12    Spells: 5/9 levels left

rFire    . . .     SeeInvis .   u - +0 dagger
rCold    . . .     Gourm    .   h - +0 shield
rNeg     . . .     Faith    .   (helmet restricted)
rPois    .         Spirit   .   (no amulet)
rElec    .         Reflect  .   w - ring of resist corrosion
rCorr    +         Harm     .   x - ring of protection from magic (curse)
MR       +....                  (no ring)
Stlth    +++.......             (no ring)
HPRegen  0.12/turn              (no ring)
MPRegen  0.11/turn              (no ring)
                                (no ring)
                                (no ring)

@: no status effects
A: almost no armour, stealthy swim, amphibious, 8 rings, constrict 8, camouflage
1, gelatinous body 1
a: no special abilities


You were on level 4 of the Dungeon.
You were hungry.

You visited 1 branch of the dungeon, and saw 4 of its levels.

You collected 227 gold pieces.

Inventory:

Hand Weapons
 q - a +2 quarterstaff of crushing
 u - a +0 dagger (weapon)
Missiles
 b - 28 stones (quivered)
Armour
 h - a +0 shield (worn)
Jewellery
 w - a ring of resist corrosion (left tentacle)
 x - a cursed ring of protection from magic (right tentacle)
Scrolls
 a - 3 scrolls of enchant armour
 e - a scroll of identify
 j - a scroll of immolation
 o - a scroll of fear {unknown}
 p - 2 scrolls of teleportation
 s - a scroll of magic mapping {unknown}
 t - a scroll of random uselessness {unknown}
Potions
 g - 2 potions of lignification {unknown}
 i - a potion of cancellation {unknown}
 k - a potion of curing {unknown}
 l - 2 potions of magic {unknown}
 m - 2 potions of haste {unknown}
 r - a potion of might {unknown}
 v - a potion of brilliance {unknown}
Books
 d - a book of Geomancy

   Spells                             Type                      Level
   a - Sandblast                      Earth                        1
   b - Passwall                       Transmutation/Earth          2
   c - Stone Arrow                    Conjuration/Earth            3
   d - Petrify                        Transmutation/Earth          4
   e - Lee's Rapid Deconstruction     Earth                        5
 y - a book of Misfortune

   Spells                             Type                      Level
   a - Confusing Touch                Hexes                        1
   b - Confuse                        Hexes                        3
   c - Gell's Gravitas                Translocation                3
   d - Petrify                        Transmutation/Earth          4
   e - Metabolic Englaciation         Hexes/Ice                    5
   f - Yara's Violent Unravelling     Hexes/Transmutation          5
Comestibles
 c - 3 bread rations
 f - 2 royal jellies
 n - 2 chunks of flesh


   Skills:
 - Level 2.1 Dodging
 - Level 2.9 Stealth
 + Level 2.2 Spellcasting
   Level 1.0 Transmutations
 - Level 7.3 Earth Magic


You had 5 spell levels left.
You knew the following spells:

 Your Spells              Type           Power        Failure   Level  Hunger
a - Sandblast             Erth           ####..       5%          1    #......
b - Stone Arrow           Conj/Erth      ###...       58%         3    ###....


Dungeon Overview and Level Annotations

Branches:
Dungeon (4/15)
 Temple: D:4-7

Altars:


Innate Abilities, Weirdness & Mutations

You cannot wear most types of armour.
You are very stealthy in the water. (Stealth+)
You are amphibious.
You can wear up to eight rings at the same time.
You can use your tentacles to constrict eight enemies at once.
Your skin changes colour to match your surroundings (Stealth+).
Your rubbery body absorbs attacks. (AC +1, EV +1)


Message History

Confirm with . or Enter, or press ? or * to list all spells.
Aiming: Sandblast
Press: ? - help, Shift-Dir - straight line, f - orc priest, p - orc priest
Aim: an orc priest, wielding a short sword and wearing a leather armour (heavily wounded)
The blast of sand hits the orc priest.
The orc priest is almost dead.
b - 28 stones You hit the orc priest but do no damage.
Your grab misses the orc priest.
The orc priest is almost dead.
The orc priest barely misses you.
The orc priest invokes the aid of Beogh against you.
You resist with some effort.
Unknown command.
You hit the orc priest but do no damage.
You grab the orc priest.
The orc priest is almost dead.
You constrict the orc priest, but do no damage.
The orc priest hits you.
You die...

####.### ##........
################.).##....
#................#.......
#.##############...# #.#
##.## #.# #.# #.#
##########.##..## ##.#
#.oo@o............ #..#
#o########........ #.##
#.# #####.##. #.# #.# #
#.# #o# #.# #.# #.#
#o####### #.# #....o..#
#.# ##......{...


You could see 2 orc priests and 2 orcs.

Vanquished Creatures
  Sigmund (D:2)
  2 orc wizards (D:3)
  An orc priest (D:3)
  Jessica (D:3)
  A worker ant (D:4)
  5 adders
  An ooze (D:1)
  2 worms
  A dart slug (D:3)
  5 leopard geckos
  2 orcs (D:3)
  A ball python (D:2)
  4 giant cockroaches
  6 hobgoblins
  9 jackals
  10 kobolds
  A bat (D:2)
  4 frilled lizards
  5 goblins
  A jackal skeleton (D:3)
  12 rats
  A fungus (D:3)
76 creatures vanquished.

Notes
Turn   | Place    | Note
-------+----------+-------------------------------------------
     0 | D:1      | kiturien the Octopode Earth Elementalist began the quest for the Orb.
     0 | D:1      | Reached XP level 1. HP: 11/11 MP: 3/3
   127 | D:1      | Reached XP level 2. HP: 17/17 MP: 0/5
   513 | D:1      | Reached XP level 3. HP: 3/21 MP: 0/6
   921 | D:1      | Reached skill level 4 in Earth Magic
  1457 | D:2      | Noticed Sigmund
  1464 | D:2      | Learned a level 3 spell: Stone Arrow
  2041 | D:2      | Reached XP level 4. HP: 26/27 MP: 4/7
  2172 | D:2      | Killed Sigmund
  2172 | D:2      | Reached skill level 6 in Earth Magic
  2172 | D:2      | Reached XP level 5. HP: 24/31 MP: 3/8
  2349 | D:2      | Reached XP level 6. HP: 36/36 MP: 7/9
  2550 | D:3      | Reached skill level 7 in Earth Magic
  2781 | D:3      | Noticed Jessica
  2960 | D:3      | Killed Jessica
  3706 | D:4      | Slain by an orc priest

Vault maps used:
D:1:      onia_arrival_larder, serial_forest, infiniplex_forest_clump_large,
          infiniplex_forest_clump_double, infiniplex_forest_end_2,
          infiniplex_forest_straight_1, infiniplex_forest_lined_room_,
          infiniplex_forest_zigzag_2, infiniplex_forest_lined_corner,
          infiniplex_forest_straight_3
D:2:      uniq_sigmund
D:3:      minmay_gold_behind_fungi, uniq_jessica
D:4:      temple_hall_moat, serial_shops, nicolae_shop_behind_doors,
          uniq_grinder

Skill      XL: |  1  2  3  4  5  6 |
---------------+-------------------+-----
Earth Magic    | 4 6 7 |  7.3
Dodging        | |  2.1
Stealth        | |  2.9
Spellcasting   | |  2.2
Transmutations | |  1.0

Action                   |  1- 3 |  4- 6 || total
-------------------------+-------+-------++-------
Melee: Unarmed           |    21 |     5 ||    26
       Constrict         |     6 |    23 ||    29
       Tentacles         |     4 |    12 ||    16
       Dagger            |       |    73 ||    73
 Cast: Sandblast         |    39 |    33 ||    72
  Use: Scroll            |       |     3 ||     3
 Stab: Sleeping          |       |     6 ||     6
  Eat: Royal jelly       |     2 |       ||     2
       Chunk             |       |     5 ||     5
Armor: Skin              |     7 |     5 ||    12
Dodge: Dodged            |    21 |    28 ||    49
Block: Shield            |    13 |    18 ||    31

Table legend:
 A = Spawn XP
 B = Non-spawn XP
 C = Spawn XP percentage of total XP
 D = Spawn monster count
 E = Non-spawn monster count
 F = Spawn count percentage of total count
 G = Total turns spent on level
                    A         B        C        D         E        F      G
               +---------+---------+-------+---------+---------+-------+---------
         Total |       0 |     597 |   0.0 |       0 |      75 |   0.0 |  3706
               +---------+---------+-------+---------+---------+-------+---------
           D:1 |       0 |      54 |   0.0 |       0 |      24 |   0.0 |  1817
           D:2 |       0 |     267 |   0.0 |       0 |      18 |   0.0 |   670
           D:3 |       0 |     242 |   0.0 |       0 |      31 |   0.0 |   932
           D:4 |       0 |      34 |   0.0 |       0 |       2 |   0.0 |   287
               +---------+---------+-------+---------+---------+-------+---------
